 Dungeon Crawl Stone Soup version 0.25.0-9-g26727b657a (webtiles) character file.

Game seed: 14806992433683856872

162 HoaS the Skirmisher (level 5, -4/33 HPs)
             Began as a Gargoyle Fighter on June 16, 2020.
             Killed by divine providence
             ... invoked by an orc priest
              (13 damage)
             ... on level 3 of the Dungeon.
             The game lasted 00:05:14 (1699 turns).

HoaS the Skirmisher (Gargoyle Fighter)              Turns: 1699, Time: 00:05:14

Health: -4/33      AC: 13    Str: 20    XL:     5   Next: 43%
Magic:  5/5        EV:  5    Int:  9    God:
Gold:   137        SH:  9    Dex:  9    Spells: 4/4 levels left

rFire    . . .     SeeInvis .   a - +1 flail
rCold    . . .     Gourm    .   c - +0 kite shield
rNeg     + . .     Faith    .   h - +0 chain mail
rPois    ∞         Spirit   .   (no helmet)
rElec    +         Reflect  .   (no cloak)
rCorr    .         Harm     .   (no gloves)
MR       .....                  (no boots)
Stlth    ..........             (no amulet)
HPRegen  0.11/turn              (no ring)
MPRegen  0.09/turn              (no ring)

@: no status effects
A: negative energy resistance 1, electricity resistance, unbreathing,
petrification resistance, rot immunity, AC +4
a: no special abilities


You were on level 3 of the Dungeon.
You were not hungry.

You visited 1 branch of the dungeon, and saw 3 of its levels.

You collected 137 gold pieces.

Inventory:

Hand Weapons
 a - a +1 flail (weapon)
Armour
 c - a +0 kite shield (worn)
 h - a +0 chain mail (worn)
Scrolls
 e - 4 scrolls of teleportation
 l - a scroll of identify
Potions
 b - a potion of degeneration {unknown}
 d - 2 potions of might
 i - a potion of cancellation {unknown}
 j - a potion of heal wounds {unknown}
 k - 3 potions of curing {unknown}
Comestibles
 f - 8 rations


   Skills:
 + Level 4.3 Fighting
 * Level 4.1 Maces & Flails
 - Level 3.2 Armour
 + Level 4.2 Shields


You had 4 spell levels left.
You didn't know any spells.
Your spell library was empty.

Dungeon Overview and Level Annotations

Branches:
Dungeon (3/15)

Altars:
Hepliaklqana
Kikubaaqudgha


Innate Abilities, Weirdness & Mutations

You are resistant to torment.
Your stone body is resilient. (AC +4)
You are immune to poison.
You resist negative energy. (rN+)
You are resistant to electric shocks. (rElec)
You can survive without breathing.
You are immune to petrification.
You are immune to rotting.


Message History

Your shield prevents you from hitting the orc.
The orc priest mumbles some strange prayers to Beogh against you.
Beogh smites you!
* * * LOW HITPOINT WARNING * * *
You block the orc's attack.
You sock the orc!
You kill the orc!
The orc wizard gestures at you while chanting.
The magic dart hits you but does no damage.
The orc wizard gestures at you while chanting.
The magic dart hits you but does no damage.
You see here a +0 mace.
You hit the orc wizard but do no damage.
You block the orc wizard's attack.
You closely miss the orc wizard.
The orc wizard points at you and mumbles some strange words.
The magic dart hits you but does no damage.
The orc priest invokes the aid of Beogh against you.
Beogh smites you!
You die...

#.# #.# ## #.# #.# #. # #o#
#.# #. #.##.# #.# #. #....#
#.# #. #####o# #.# #.
#.....# #.###########.
#)###.#########.##.......#..
#.[..oo@.......#####....
#..######.###<.# #.##. #..#
###.# #..# #.>#.
#..####<..###..# #....
#.........)..[.#####..##
#.....#.######..).......
###.#.#.#># ####.###.##
..........# #.# #.#
###.#.#.### #.# #.#


You could see an orc priest and an orc wizard.

Vanquished Creatures
  3 gnolls (D:3)
  5 adders
  4 worms
  A dart slug (D:1)
  2 leopard geckos
  2 orcs (D:3)
  5 giant cockroaches
  10 goblins
  7 hobgoblins
  9 jackals
  A quokka (D:3)
  4 bats
  6 kobolds
  6 rats
65 creatures vanquished.

Notes
Turn   | Place    | Note
-------+----------+-------------------------------------------
     0 | D:1      | HoaS the Gargoyle Fighter began the quest for the Orb.
     0 | D:1      | Reached XP level 1. HP: 14/14 MP: 1/1
    75 | D:1      | Reached XP level 2. HP: 18/19 MP: 2/2
   602 | D:1      | Reached XP level 3. HP: 17/23 MP: 3/3
  1042 | D:2      | Reached XP level 4. HP: 28/29 MP: 4/4
  1086 | D:2      | Found a hazy altar of Hepliaklqana.
  1208 | D:3      | Found an ancient bone altar of Kikubaaqudgha.
  1353 | D:3      | Reached XP level 5. HP: 30/33 MP: 5/5
  1699 | D:3      | Killed from afar by an orc priest

Illustrated notes

Levels and vault maps discovered:
D:1:      nzn_arrival_settlement, layout_rooms
D:2:      layout_rooms, lemuel_round_altar
D:3:      layout_loops_ring, kiku_gazebo_garden_becter, first_ration

Skill      XL: |  1  2  3  4  5 |
---------------+----------------+-----
Maces & Flails | 3 4 |  4.1
Fighting       | 4 |  4.3
Shields        | 4 |  4.2
Armour         | |  3.2

Action                   |  1- 3 |  4- 6 || total
-------------------------+-------+-------++-------
Melee: Flail             |   132 |   137 ||   269
  Use: Scroll            |     4 |     2 ||     6
  Eat: Chunk             |     1 |     2 ||     3
Armor: Scale mail        |    34 |       ||    34
       Chain mail        |    43 |    87 ||   130
Dodge: Dodged            |    45 |    28 ||    73
Block: Kite shield       |    76 |    79 ||   155
